 Dungeon Crawl Stone Soup version 0.31-a0-632-g766dd24fdf (webtiles) character file.

Game seed: 17419316162890911963

27 rvierbuc the Insei (level 2, -2/22 HPs)
             Began as a Demonspawn Gladiator on Aug 26, 2023.
             Slain by a goblin
             ... wielding a +0 club
             ... led by Robin
              (6 damage)
             ... on level 1 of the Dungeon.
             The game lasted 00:02:43 (799 turns).

rvierbuc the Insei (Demonspawn Gladiator)            Turns: 799, Time: 00:02:43

Health: -2/22      AC:  7    Str: 14    XL:     2   Next: 93%
Magic:  2/2        EV: 11    Int:  9    God:
Gold:   25         SH:  0    Dex: 14    Spells: 1/1 levels left

rFire   . .          .
                       - Unarmed
rCold   . . .        (no shield)
rNeg    . . .        e - +0 ring mail
rPois   .            b - +0 helmet
rElec   .            (no cloak)
rCorr   .            (no gloves)
SInv    .            m - +0 pair of boots
Will    .....        (no amulet)
Stlth   +            (no ring)
HPRegen 0.23/turn    (no ring)
MPRegen 0.08/turn

%: no passive effects
@: no status effects
A: powered by death 1
a: no special abilities


You were on level 1 of the Dungeon.
You visited 1 branch of the dungeon, and saw 2 of its levels.

You collected 25 gold pieces.

Inventory:

Missiles
 c - 3 throwing nets (quivered)
 d - a javelin
Armour
 b - a +0 helmet (worn)
 e - a +0 ring mail (worn)
 m - a +0 pair of boots (worn)
Scrolls
 f - 2 scrolls of enchant armour {unknown}
 j - a scroll of identify {unknown}
 l - a scroll of vulnerability {unknown}
Potions
 g - 3 potions of curing {unknown}
 h - a potion of invisibility {unknown}
 i - a potion of berserk rage {unknown}
 k - 2 potions of haste {unknown}


   Skills:
 + Level 2.2 Fighting
 + Level 1.9 Throwing
 + Level 0.2 Armour
 + Level 2.9 Dodging
 + Level 3.2 Unarmed Combat


You had one spell level left.
You didn't know any spells.
Your spell library was empty.

Dungeon Overview and Level Annotations

Branches:
Dungeon (2/15)

Altars:

Annotations:
D:1 Terence
D:2 Jessica, Robin


Innate Abilities, Weirdness & Mutations

You regenerate a little health from kills.


Message History

Items here: ))) †.
Okay, then.
There is a stone staircase leading down here.
Items here: )) †††.
You climb downwards.
Level annotation: Jessica, Robin, Terence The kobold shouts!
The ball python closely misses you. The ball python barely misses you.
Terence misses you. The goblin hits you with a +0 club. x2
The goblin closely misses you.
The ball python bites you but does no damage.
The ball python grabs you. The ball python constricts you.
The goblin closely misses you. Terence hits you with a +0 falchion.
The goblin closely misses you.
There is a stone staircase leading up here.
You escape the ball python's grasp.
Terence hits you with a +0 falchion. The goblin hits you with a +0 club.
Jessica gestures wildly while chanting.
Jessica seems to speed up.
The hobgoblin hits you but does no damage.
The goblin barely misses you.
Robin roars a battlecry!
The goblins go into a battle-frenzy!
The goblin hits you but does no damage.
You climb upwards.
There is a stone staircase leading down here.
Items here: )) †††.
You closely miss Terence. You closely miss Terence.
The goblin closely misses you. Terence closely misses you.
The goblin hits you with a +0 club.
You are too injured to fight recklessly!
You are too injured to fight recklessly!
You are too injured to fight recklessly!
You are too injured to fight recklessly!
You hit the goblin.
The goblin is moderately wounded.
Terence hits you with a +0 falchion.
* * * LOW HITPOINT WARNING * * *
The goblin hits you with a +0 club.
You die...

÷# ####.####
#.#####. .#
#.###########
#....... .###
#.##........#
#.###### .).#
#.......#.#.# #.#
##.#
####..#.#.#.####.#
##.#######
#..#..........#
.........#
#.g###.#.######
#.######.#
#.g###.#.#
#.######.#
#S@@gg...#
#.######.#
##########
#.######.#
.....).#.#
#.####...#
#.######.####
#)#####.....#
#.### #.#.#.#
..#####.#.#.#


You could see Terence, a hobgoblin (strong), 3 goblins and a ball python.

Vanquished Creatures
  A ball python (D:1)
  6 bats (D:1)
  An endoplasm (D:1)
  A giant cockroach (D:1)
  10 goblins (D:1)
  A hobgoblin (D:1)
  A frilled lizard (D:1)
  2 kobolds (D:1)
  A rat (D:1)
24 creatures vanquished.

Notes
Turn   | Place    | Note
-------+----------+-------------------------------------------
     0 | D:1      | rvierbuc the Demonspawn Gladiator began the quest for the
                  | Orb.
     0 | D:1      | Reached XP level 1. HP: 16/16 MP: 1/1
   191 | D:1      | Reached skill level 3 in Unarmed Combat
   191 | D:1      | Gained mutation: You regenerate a little health from kills.
                  | [demonic ancestry]
   191 | D:1      | Reached XP level 2. HP: 22/22 MP: 2/2
   755 | D:2      | Noticed Robin
   757 | D:2      | Noticed Jessica
   757 | D:2      | Found a faded altar of an unknown god.
   758 | D:2      | Noticed Terence
   799 | D:1      | Slain by a goblin

Illustrated notes

Levels and vault maps discovered:
D:1:      lemuel_arrival_broad_hall, layout_loops_cross, reono_crystal_passage,
          feat_on_display
D:2:      layout_rooms, hellmonk_ecumenical_altar_heavens_door,
          kennysheep_another_room, uniq_robin, uniq_jessica, uniq_terence

Skill      XL: |  1 |
---------------+----+-----
Unarmed Combat | 3 |  3.2
Fighting       | |  2.2
Throwing       | |  1.9
Armour         | |  0.2
Dodging        | |  2.9

Action                     || total
---------------------------++-------
  Melee: Unarmed           ||    65
         Punch             ||     1
 Armour: Ring mail         ||    42
  Dodge: Dodged            ||    48

Table legend: (Time is in decaauts)
 A = Elapsed time spent in this place.
 B = Non-inter-level travel time spent in this place.
 C = Inter-level travel time spent in this place.
 D = Time resting spent in this place.
 E = Time spent auto-exploring this place.
 F = Levels seen in this place.
 G = Mean time per level.
                   A        B        C        D        E       F      G
               +--------+--------+--------+--------+--------+-----+--------+
         Total |    797 |    774 |     23 |      0 |    589 |   2 |  398.5 |
       Dungeon |    797 |    774 |     23 |      0 |    589 |   2 |  398.5 |
               +--------+--------+--------+--------+--------+-----+--------+

Top non-repeatable levels by time:
     D:1: 789 daAuts
     D:2: 7 daAuts
